AoeStats
← thinker

Oasis

510081539Analyzed
4v4 RM · 3d ago on Sep 29, 2026· 46m 21s· 8 players
Game mode
Random Map
Map size
Large (8 player)
Population
200
Speed
Normal
Resources
Standard
Victory
Conquest
Starting age
Dark Age
Ending age
Imperial Age
RankedLock teamsTeams togetherTeam positionsShared explorationLock speedFull tech treeHidden civsTurbo modeCheats
Victory
Defeat
🇨🇳 Britons · China
959
+12
🇨🇳 Huns · China
954
+12
🇰🇷 Danes · South Korea
857
+16
🇨🇳 Khmer · China
814
+19
🇦🇷 Franks · Argentina
891
-16
🇬🇧 Vietnamese · United Kingdom
886
-15
🇵🇷 Persians · Puerto Rico
870
-15
🇩🇪 Huns · Germany
836
-13
yamir0000
7:40 Loom
11:16 Feudal Age
12:46 Double-Bit Axe
15:32 Wheelbarrow
18:45 Castle Age
16:38 Horse Collar
18:09 Gold Mining
18:28 Stone Mining
18:50 Scale Barding Armor
20:20 Bow Saw
22:30 Heavy Plow
27:03 Squires
27:33 Scale Mail Armor
27:23 Pikeman
27:56 Arson
28:28 Forging
32:32 Kamandaran
36:41 Husbandry
36:52 Bloodlines
36:53 Fletching
37:10 Padded Archer Armor
37:21 Crossbowman
39:32 Bodkin Arrow
40:00 Chain Barding Armor
40:16 Iron Casting
kuro3bb
2:33 Loom
10:19 Feudal Age
12:00 Wheelbarrow
11:16 Double-Bit Axe
19:49 Castle Age
17:40 Fletching
18:47 Gold Mining
19:11 Stone Mining
19:54 Crossbowman
21:02 Bow Saw
22:05 Hand Cart
22:56 Padded Archer Armor
22:52 Bodkin Arrow
22:59 Scale Mail Armor
31:01 Ballistics
32:21 Leather Archer Armor
32:16 Thumb Ring
33:14 Elite Skirmisher
39:59 Imperial Age
40:12 Arbalester
43:06 Bracer
❤ Wojtek ❤
10:21 Loom
13:45 Feudal Age
15:29 Wheelbarrow
14:44 Double-Bit Axe
15:55 Town Watch
15:55 Horse Collar
21:58 Castle Age
20:01 Gold Mining
20:01 Stone Mining
24:44 Pikeman
25:26 Squires
37:13 Crossbowman
41:22 Bow Saw
41:16 Heavy Plow
43:13 Hand Cart
白馬义从
0:50 Loom
11:42 Feudal Age
15:48 Double-Bit Axe
22:42 Castle Age
20:49 Stone Mining
20:51 Gold Mining
22:09 Scale Barding Armor
24:01 Forging
26:40 Town Watch
27:29 Husbandry
32:05 Wheelbarrow
32:27 Treadmill Crane
33:22 Bow Saw
33:56 Gold Shaft Mining
33:38 Masonry
40:05 Imperial Age
37:21 Elite Skirmisher
38:38 Fortified Wall
40:04 Fletching
40:14 Cavalier
40:32 Imperial Skirmisher
44:15 Chemistry
COYS
11:16 Feudal Age
12:38 Double-Bit Axe
15:44 Loom
16:35 Wheelbarrow
15:45 Town Watch
17:10 Stone Mining
24:28 Castle Age
34:50 Horse Collar
36:38 Heavy Plow
37:23 Gold Mining
38:47 Forging
39:13 Bow Saw
43:35 Gold Shaft Mining
43:17 Hand Cart
45:43 Stone Shaft Mining
48:03 Imperial Age
thinker
1:06 Loom
10:51 Feudal Age
15:10 Castle Age
14:16 Double-Bit Axe
14:17 Horse Collar
21:17 Bow Saw
24:34 Wheelbarrow
25:49 Stone Mining
25:52 Gold Mining
27:51 Ballistics
27:30 Fletching
28:30 Hand Cart
28:49 Bodkin Arrow
28:56 Padded Archer Armor
30:58 Yeomen
33:18 Imperial Age
31:30 Leather Archer Armor
31:27 Forging
31:18 Scale Mail Armor
32:36 Murder Holes
32:34 Pikeman
33:44 Gambesons
34:00 Squires
33:21 Halberdier
35:14 Two-Man Saw
34:19 Bracer
35:22 Chemistry
35:18 Elite Longbowman
36:22 Conscription
35:53 Arson
37:43 Warwolf
38:13 Treadmill Crane
39:19 Gold Shaft Mining
38:46 Heavy Plow
39:59 Ring Archer Armor
40:05 Iron Casting
39:45 Chain Mail Armor
44:47 Blast Furnace
44:17 Plate Mail Armor
46:58 Hoardings
Eleven
4:23 Loom
14:06 Feudal Age
28:47 Double-Bit Axe
32:18 Gold Mining
42:11 Horse Collar
喧哗的都已沙哑
4:34 Loom
13:48 Feudal Age
14:35 Horse Collar
14:48 Gold Mining
16:31 Forging
16:27 Scale Barding Armor
19:06 Castle Age
20:21 Wheelbarrow
20:07 Bloodlines
19:58 Husbandry
20:25 Chain Barding Armor
20:42 Iron Casting
20:03 Double-Bit Axe
21:42 Marauders
27:42 Gold Shaft Mining
33:27 Imperial Age
33:28 Bow Saw
33:51 Elite Tarkan
34:53 Conscription
36:00 Plate Barding Armor
36:27 Blast Furnace
Connection lost

Rejoining the realm…

Still unreachable

The connection could not be restored.

Session expired

The server has moved on; the page needs a fresh start.